 Dungeon Crawl Stone Soup version 0.30.0-5-g1a98f26d00 (webtiles) character file.

Game seed: 6417503838398116990

7282 DearestLeader the Cleaver (level 10, -2/80 HPs)
             Began as a Demonspawn Gladiator on May 12, 2023.
             Was a Follower of Makhleb.
             Shot with a bolt by a yaktaur (3 damage)
             ... in a volcano.
             The game lasted 00:23:34 (9060 turns).

DearestLeader the Cleaver (Demonspawn Gladiator)    Turns: 9060, Time: 00:23:35

Health: -2/80      AC: 17    Str: 19    XL:     10   Next: 89%
Magic:  10/10      EV:  9    Int: 10    God:    Makhleb [*.....]
Gold:   439        SH:  5    Dex: 14    Spells: 9/9 levels left

rFire   + . .        S - +4 war axe (freeze)
rCold   . . .        n - +0 buckler
rNeg    . . .        J - +0 chain mail
rPois   .            c - +0 helmet
rElec   .            (no cloak)
rCorr   .            w - +0 pair of gloves
SInv    .            v - +0 pair of boots
Will    .....        L - amulet of regeneration Stlth
                     i - ring of protection from fire
HPRegen 1.13/turn    F - +4 ring of slaying
MPRegen 0.24/turn

%: no passive effects
@: no status effects
A: thin metallic scales 2, foul stench 2, magic regeneration, weakness stinger 1
a: Renounce Religion


You were in a volcano.
You worshipped Makhleb.
Makhleb was aware of your devotion.
You visited 3 branches of the dungeon, and saw 13 of its levels.
You also visited: Sewer and Volcano.

You collected 439 gold pieces.

Inventory:

Hand Weapons
 a - a +0 war axe
 r - a +1 flail of protection
 H - a +0 longbow
 O - a +0 dire flail of venom
 S - a +4 war axe of freezing (weapon)
Missiles
 d - 3 throwing nets
 e - 7 javelins
 g - 33 poisoned darts (quivered)
 Q - 6 curare-tipped darts
Armour
 c - a +0 helmet (worn)
 n - a +0 buckler (worn)
 v - a +0 pair of boots (worn)
 w - a +0 pair of gloves (worn)
 J - a +0 chain mail (worn)
 K - a +0 plate armour
Jewellery
 i - a ring of protection from fire (left hand)
 o - a ring of fire
 F - a +4 ring of slaying (right hand)
 L - an amulet of regeneration (around neck)
Wands
 y - a wand of flame (40)
 A - a wand of polymorph (2)
 C - a wand of digging (11)
 D - a wand of roots (11)
 P - a wand of paralysis (11)
 U - a wand of mindburst (9)
Scrolls
 f - a scroll of magic mapping
 j - a scroll of noise {unknown}
 k - 3 scrolls of enchant armour
 l - a scroll of silence {unknown}
 m - 3 scrolls of fog {unknown}
 p - 2 scrolls of poison {unknown}
 q - 3 scrolls of blinking
 u - 2 scrolls of torment {unknown}
 B - 4 scrolls of teleportation
 T - a scroll of amnesia {unknown}
Potions
 b - 3 potions of brilliance
 h - 8 potions of attraction
 s - 3 potions of berserk rage
 t - 5 potions of curing
 x - a potion of lignification {unknown}
 z - 8 potions of flight
 E - a potion of magic {unknown}
 G - a potion of ambrosia
 I - a potion of mutation {unknown}
 M - 2 potions of might
 N - a potion of invisibility {unknown}
 R - a potion of resistance {unknown}


   Skills:
 + Level 8.2 Fighting
 * Level 10.9 Axes
 - Level 1.7 Throwing
 + Level 7.2 Armour
 - Level 3.0 Dodging
 - Level 4.0 Shields


You had 9 spell levels left.
You didn't know any spells.
Your spell library contained the following spells:

 Spells                   Type           Power      Damage    Failure   Level
 Kiss of Death            Conj/Necr      0%         2d5       97%         1
 Sandblast                Erth           0%         2d4       97%         1
 Shock                    Conj/Air       0%         1d3       97%         1
 Passwall                 Tmut/Erth      0%         N/A       99%         2
 Confusing Touch          Hex            0%         N/A       100%        3
 Frozen Ramparts          Ice            0%         1d1       100%        3
 Ozocubu's Armour         Ice            0%         N/A       100%        3
 Stone Arrow              Conj/Erth      0%         3d7       100%        3
 Swiftness                Air            0%         N/A       100%        3
 Airstrike                Air            0%         2d(0-16)  100%        4
 Dispel Undead            Necr           0%         3d6       100%        4
 Ice Form                 Ice/Tmut       0%         N/A       100%        4
 Summon Ice Beast         Ice/Summ       0%         N/A       100%        4
 Ozocubu's Refrigeration  Ice            0%         4d7       100%        7


Dungeon Overview and Level Annotations

Branches:
Dungeon (11/15)            Temple (1/1) D:7            Lair (1/5) D:11
    Orc (0/2) D:10          Sewer (visited)         Volcano (1/1)

Altars:
Ashenzari
Cheibriados
Dithmenos
Fedhas
Gozag
Hepliaklqana
Kikubaaqudgha
Makhleb
Nemelex Xobeh
Okawaru
Qazlal
Ru
Sif Muna
Trog
Uskayaw
Vehumet
Wu Jian
Xom
Yredelemnul

Shops:
D:3 :


Innate Abilities, Weirdness & Mutations

You are mostly covered in thin metallic scales. (AC +3)
You sometimes emit foul miasma when damaged in melee.
You regenerate magic rapidly.
You have a small tail.


Message History

Makhleb accepts your kill.
No target in view!
No target in view!
There is a dark tunnel here.
The world spins around you as you enter the gateway.
You enter a volcano!
Found a rocky tunnel leading out of this place.
There is a rock-blocked tunnel here.
A centaur warrior comes into view.
It is wielding a +0 shortbow of flaming.
Found 2 fizzy cyan potions, 53 gold pieces and a chain mail of fire resistance.
The centaur warrior shouts!
The centaur warrior shoots an arrow.
You block the arrow.
The centaur warrior shoots an arrow.
The arrow hits you.
Unknown command.
The centaur warrior shoots an arrow.
The arrow hits you but does no damage.
The centaur warrior shoots an arrow.
The arrow hits you!
The centaur warrior shoots an arrow.
The arrow hits you.
Found a radiant altar of Vehumet.
The centaur warrior shoots an arrow.
The arrow hits you.
Found 4 gold pieces and a quarterstaff of flaming.
The red draconian roars!
The centaur warrior shoots an arrow.
The arrow hits you but does no damage.
The centaur warrior shoots an arrow.
The arrow hits you! The arrow burns you. Why would you want to do that?
The centaur warrior shoots an arrow.
The arrow hits you.
The centaur warrior shoots an arrow.
The arrow closely misses you.
As you open the large door, it creaks loudly!
A yaktaur comes into view.
It is wielding a +0 arbalest of flaming.
The yaktaur shouts!
You hear a shout! x2
Something unseen opens the large door.
The centaur warrior shoots an arrow.
The arrow hits you! The arrow burns you.
The yaktaur shoots a bolt.
The bolt closely misses you.
A centaur comes into view.
It is wielding a +2 shortbow of flaming.
The centaur shouts!
A centaur comes into view.
It is wielding a +2 shortbow of flaming.
The centaur shoots an arrow.
The arrow hits you. The arrow burns you.
The yaktaur shoots a bolt.
The bolt hits you!!
* * * LOW HITPOINT WARNING * * *
The bolt burns you.
You die...

+.).$.'c.#
+.._..'c.##§§§
#....d#...#§§≈
#######...#≈§§
+[$.!$+...#§≈§
#..≈.c#...#≈§≈
#8≈≈≈8#...#
+..≈..@..#
+.....'..# ≈#
#8...8#c##≈
≈≈###.....###≈≈
≈≈§≈≈.....§≈≈≈≈#
≈§≈≈≈8...8≈§≈§##
§§≈≈≈.....≈≈###
#≈≈≈.....≈§#
#§§§8...8§##


You could see a red draconian, a centaur warrior, a yaktaur and 2 centaurs.

Vanquished Creatures
  A gargoyle (D:9)
  A komodo dragon (Lair:1)
  A hornet (D:9)
  2 trolls
  Grinder (D:4)
  A wyvern (D:10)
  A vampire (D:11)
  3 fire bats (Lair:1)
  11 yaks
  3 vampire mosquitoes (D:10)
  A steam dragon (D:8)
  6 orc warriors
  2 black bears
  An ice beast (D:7)
  2 sky beasts
  An ogre (D:7)
  3 centaurs
  2 kobold brigands
  A bullfrog (D:6)
  3 scorpions
  3 wights (D:9)
  7 killer bees (D:9)
  2 jellies
  2 hounds
  5 orc priests
  3 iguanas (D:5)
  6 orc wizards
  A sleepcap (D:3)
  A sickly merfolk siren (Sewer)
  A malarious merfolk avatar (Sewer)
  Robin (D:3)
  6 gnolls
  9 adders
  A river rat (Sewer)
  2 white imps
  A worm (D:4)
  3 dart slugs
  41 orcs
  4 bats
  4 endoplasms
  5 giant cockroaches
  12 goblins
  6 hobgoblins
  18 jackals
  15 kobolds
  4 quokkas
  14 ball pythons
  9 frilled lizards
  31 rats
264 creatures vanquished.

Notes
Turn   | Place    | Note
-------+----------+-------------------------------------------
     0 | D:1      | DearestLeader the Demonspawn Gladiator began the quest for
                  | the Orb.
     0 | D:1      | Reached XP level 1. HP: 16/16 MP: 1/1
    99 | D:1      | Reached skill level 3 in Axes
    99 | D:1      | Gained mutation: You are partially covered in thin metallic
                  | scales. (AC +2) [demonic ancestry]
    99 | D:1      | Reached XP level 2. HP: 16/22 MP: 2/2
   212 | D:1      | Found a faded altar of an unknown god.
   907 | D:2      | Reached XP level 3. HP: 12/28 MP: 3/3
   918 | D:2      | Reached skill level 1 in Armour
  1481 | D:3      | Gained mutation: You have a small tail. [demonic ancestry]
  1481 | D:3      | Reached XP level 4. HP: 33/34 MP: 4/4
  1572 | D:3      | Found Jeuge's Book Emporium.
  2025 | D:3      | Reached skill level 4 in Axes
  2130 | D:3      | Gained mutation: You regenerate magic rapidly. [demonic
                  | ancestry]
  2130 | D:3      | Reached XP level 5. HP: 35/41 MP: 5/5
  2161 | D:3      | Noticed Robin
  2173 | D:3      | Killed Robin
  2174 | D:3      | Reached skill level 1 in Shields
  2416 | D:4      | Found a shimmering altar of Xom.
  2459 | D:4      | Found a snail-covered altar of Cheibriados.
  2505 | D:4      | Reached XP level 6. HP: 42/47 MP: 6/6
  2568 | D:4      | Noticed Grinder
  2581 | D:4      | Paralysed by Grinder for 4 turns
  2588 | D:4      | Killed Grinder
  2589 | D:4      | Reached skill level 5 in Axes
  3143 | D:5      | Entered Level 5 of the Dungeon
  3174 | D:5      | Gained mutation: You are mostly covered in thin metallic
                  | scales. (AC +3) [demonic ancestry]
  3174 | D:5      | Reached XP level 7. HP: 53/53 MP: 7/7
  3831 | D:6      | Found a glowing drain.
  3835 | Sewer    | Entered a sewer
  4355 | D:6      | Reached skill level 6 in Axes
  4355 | D:6      | Gained mutation: You may rarely emit foul miasma when
                  | damaged in melee. [demonic ancestry]
  4355 | D:6      | Reached XP level 8. HP: 47/61 MP: 8/8
  4417 | D:6      | Found an opulent altar of Gozag.
  5481 | D:7      | Found a hazy altar of Hepliaklqana.
  5487 | D:7      | Found a staircase to the Ecumenical Temple.
  5502 | D:7      | Reached skill level 5 in Fighting
  5508 | Temple   | Entered the Ecumenical Temple
  6017 | D:7      | Reached skill level 7 in Axes
  6261 | D:8      | Noticed a lindwurm
  6277 | D:8      | Noticed a lindwurm
  6277 | D:8      | Noticed a lindwurm
  6287 | D:8      | Noticed a lindwurm
  6479 | D:8      | Found a shadowy altar of Dithmenos.
  6578 | D:8      | Reached XP level 9. HP: 47/68 MP: 9/9
  6696 | D:8      | Found a basalt altar of Yredelemnul.
  6698 | D:8      | Noticed a profane servitor
  6912 | D:8      | Found a sparkling altar of Nemelex Xobeh.
  6989 | D:8      | Noticed an angel
  7195 | D:8      | Reached skill level 8 in Axes
  7299 | D:9      | Reached skill level 5 in Armour
  7379 | D:9      | Noticed a gargoyle
  7393 | D:9      | Killed a gargoyle
  7394 | D:9      | Reached skill level 9 in Axes
  7628 | D:9      | Found a burning altar of Makhleb.
  7641 | D:9      | Gained mutation: You sometimes emit foul miasma when
                  | damaged in melee. [demonic ancestry]
  7641 | D:9      | Reached XP level 10. HP: 72/77 MP: 10/10
  7673 | D:9      | Became a worshipper of Makhleb the Destroyer
  7727 | D:9      | Found an iron altar of Okawaru.
  7876 | D:9      | Found a hide-covered altar of Uskayaw.
  7945 | D:10     | Entered Level 10 of the Dungeon
  8257 | D:10     | Reached skill level 10 in Axes
  8292 | D:10     | Found a broken altar of Ashenzari.
  8298 | D:10     | Found a bloodstained altar of Trog.
  8421 | D:10     | Found a staircase to the Orcish Mines.
  8433 | D:10     | Reached * piety under Makhleb
  8490 | D:10     | Found a blossoming altar of Fedhas.
  8641 | D:10     | Noticed a brown ugly thing
  8641 | D:10     | Noticed a centaur warrior
  8641 | D:10     | Noticed a fire dragon
  8950 | D:11     | Found a staircase to the Lair.
  8950 | D:11     | Noticed a rakshasa
  8956 | Lair:1   | Entered Level 1 of the Lair of Beasts
  9021 | Lair:1   | Found a dark tunnel.
  9036 | Volcano  | Entered a volcano
  9052 | Volcano  | Noticed a centaur warrior
  9055 | Volcano  | Found a radiant altar of Vehumet.
  9056 | Volcano  | Noticed a red draconian
  9060 | Volcano  | HP: 1/80 [yaktaur/bolt (25)]
  9060 | Volcano  | Shot with a bolt by a yaktaur

Illustrated notes

Levels and vault maps discovered:
D:1:      ncdulo_lavacross, layout_loops_ring, chequers_ecumenical_altar_grove,
          minmay_tetromino_t2
D:2:      layout_loops_ring
D:3:      cheibrodos_old_hovel, layout_rooms, serial_shops, shop, st_stairs_10,
          uniq_robin
D:4:      layout_cave_pools, lemuel_doored_altar, xom_confusion_cloud,
          uniq_grinder
D:5:      layout_rooms
D:6:      layout_basic, mainiacjoe_overflow_alcove_4, gup_sewer_entry_bowl
D:7:      layout_cave_pods, nzn_hepliaklqana_mist_gate,
          minmay_temple_entry_crystal_x, serial_park_tiny_1
D:8:      layout_rooms, grunt_temple_overflow_holy_war,
          nicolae_dithmenos_the_darkroom, mainiacjoe_overflow_tiny_flanked,
          minmay_lindwurm_lava
D:9:      layout_basic, mainiacjoe_overflow_catwalk, okawaru_trees_2,
          lemuel_coloured_pillars_altar
D:10:     minmay_shrinking_squares, layout_basic, nicolae_ashenzari_skybound,
          overflow_temple_1_default, mainiacjoe_overflow_alcove_2,
          fedhas_altar_2
D:11:     layout_basic, kiku_gazebo_pond_becter
Temple:   nicolae_temple_great_sept
Lair:1:   layout_roguey, nicolae_volcano_entry_batcave,
          nicolae_quartered_pool_little, beast_lair_carwin_6
Volcano:  kennysheep_volcano_temple

Skill      XL: |  1  2  3  4  5  6  7  8  9 10 |
---------------+-------------------------------+-----
Axes           | 3 4 5 6 7 9 10 | 10.9
Dodging        | 3 |  3.0
Armour         | 1 2 3 4 6 7 |  7.2
Fighting       | 3 4 5 6 8 |  8.2
Shields        | 1 2 3 4 |  4.0
Throwing       | |  1.7

Action                     |  1- 3 |  4- 6 |  7- 9 | 10-12 || total
---------------------------+-------+-------+-------+-------++-------
  Melee: War axe           |   100 |    53 |       |   101 ||   254
         Flail             |       |   162 |   425 |    34 ||   621
         Tailslap          |       |    22 |    62 |    15 ||    99
  Throw: Dart              |       |     2 |    19 |       ||    21
  Evoke: Wand              |       |     1 |     1 |     1 ||     3
    Use: Potion            |     1 |       |     1 |     2 ||     4
         Scroll            |       |       |    10 |     6 ||    16
   Stab: Sleeping          |     1 |       |       |       ||     1
         Confused          |       |     2 |       |       ||     2
 Armour: Leather armour    |    44 |   141 |    19 |       ||   204
         Chain mail        |       |       |   298 |    80 ||   378
  Dodge: Dodged            |    89 |   193 |   231 |    77 ||   590
  Block: Buckler           |     3 |    54 |   105 |    35 ||   197
